 Dungeon Crawl Stone Soup version 0.29-a0-330-g52719c12eb (webtiles) character file.

Game seed: 2208159122963537921

1514 Ajdolov the Martial Artist (level 8, -7/57 (63) HPs)
             Began as a Merfolk Ice Elementalist on Apr 28, 2022.
             Was a Believer of Cheibriados.
             Mangled by a wight
             ... wielding a +4 scimitar of freezing
              (13 damage)
             ... on level 7 of the Dungeon.
             The game lasted 00:12:30 (8056 turns).

Ajdolov the Martial Artist (MfIE)                   Turns: 8056, Time: 00:12:31

HP:   -7/57 (63)    AC:  4    Str: 13    XL:     8   Next: 83%
MP:   11/11         EV: 12    Int: 20    God:    Cheibriados [**....]
Gold: 334           SH:  0    Dex: 18    Spells: 4/11 levels left

rFire   + . .      SeeInvis .   p - +3 trident
rCold   . . .      Faith    .   (no shield)
rNeg    + . .      Spirit   .   o - +1 leather armour {rF+}
rPois   .          Reflect  .   (no helmet)
rElec   .          Harm     .   (no cloak)
rCorr   .          Rampage  .   (no gloves)
Will    +....                   (no boots)
Stlth   ++........              (no amulet)
HPRegen 0.19/turn               l - ring of willpower
MPRegen 0.12/turn               t - ring of positive energy

@: drained, very slow
A: (nimble swimmer 2), mertail
a: Renounce Religion, Bend Time


You were on level 7 of the Dungeon.
You worshipped Cheibriados.
Cheibriados was pleased with you.
You visited 2 branches of the dungeon, and saw 8 of its levels.

You collected 334 gold pieces.

Inventory:

Hand Weapons
 p - a +3 trident (weapon)
Missiles
 m - a throwing net
Armour
 o - a +1 leather armour of fire resistance (worn)
Jewellery
 l - a ring of willpower (left hand)
 t - a ring of positive energy (right hand)
 x - an amulet of faith
Wands
 j - a wand of polymorph (3)
 s - a wand of acid (12)
 v - a wand of digging (5)
Scrolls
 a - a scroll of vulnerability {unknown}
 d - 10 scrolls of identify {unknown}
 g - 2 scrolls of amnesia {unknown}
 i - a scroll of torment {unknown}
 n - 2 scrolls of noise {unknown}
 q - a scroll of summoning {unknown}
 r - a scroll of fog {unknown}
Potions
 b - 2 potions of magic
 c - a potion of attraction {unknown}
 e - 2 potions of lignification {unknown}
 f - 9 potions of curing {unknown}
 h - a potion of brilliance {unknown}
 k - 3 potions of mutation {unknown}
 u - a potion of resistance {unknown}
 w - a potion of haste {unknown}


   Skills:
 + Level 5.5 Fighting
 - Level 2.6 Dodging
 - Level 2.1 Stealth
 * Level 8.0 Unarmed Combat
 - Level 2.0 Spellcasting
 - Level 7.5 Ice Magic


You had 4 spell levels left.
You knew the following spells:

 Your Spells              Type           Power      Damage    Failure   Level
a - Freeze                Ice            100%       1d11      1%          1
b - Frozen Ramparts       Ice            64%        1d8       2%          3
c - Ozocubu's Armour      Ice            32%        N/A       2%          3

Your spell library contained the following spells:

 Spells                   Type           Power      Damage    Failure   Level
 Summon Small Mammal      Summ           8%         N/A       21%         1
 Static Discharge         Conj/Air       2%         N/A       30%         2
 Hailstorm                Conj/Ice       17%        3d6       38%         4
 Call Canine Familiar     Summ           2%         N/A       52%         3
 Summon Guardian Golem    Hex/Summ       2%         N/A       52%         3
 Dispel Undead            Necr           2%         3d7       89%         4
 Sticky Flame             Conj/Fire      2%         2d3       89%         4
 Ozocubu's Refrigeration  Ice            16%        4d8       100%        7


Dungeon Overview and Level Annotations

Branches:
Dungeon (7/15)             Temple (1/1) D:7

Altars:
Cheibriados
Dithmenos
Gozag
Makhleb
Okawaru
Qazlal

Shops:
D:4 (   D:5 *

Annotations:
D:4 1 runed translucent door, Crazy Yiuf
D:6 3 runed translucent doors, Athor's ghost, novice VSFi


Innate Abilities, Weirdness & Mutations

((You are very nimble when in or above water. (Stealth+, EV+, Speed+++)))
Your lower body shifts to a powerful aquatic tail in water.


Message History

You partially resist.
You feel drained. The wight freezes you.
The wight hits you with a +4 scimitar of freezing!
You partially resist.
You feel drained. The wight freezes you.
Found a scroll labelled NADWEFU YDEARA.
The wight attacks as you move away! The wight closely misses you.
The wight misses you. The wight attacks as you move away!
The wight hits you with a +4 scimitar of freezing.
The wight freezes you.
The wight hits you from afar with a +0 trident!
You partially resist.
You feel drained. The wight misses you.
Casting: Frozen Ramparts (dangerous; 2% risk of failure)
Confirm with . or Enter, or press ? or * to list all spells.
Okay, then.
Okay, then.
Okay, then.
Aiming: Corrosive Bolt
Press: ? - help, Shift-Dir - straight line, f - wight
Aim: a wight, wielding a +4 scimitar of freezing and wearing a +0 robe (71% to hit)
The bolt of acid hits the wight.
The wight is moderately damaged.
The wight hits you but does no damage.
You fail to use your ability.
The wight hits you from afar with a +0 trident.
You partially resist.
You feel drained.
The wight hits you with a +4 scimitar of freezing.
* * * LOW HITPOINT WARNING * * *
The wight freezes you.
* * * LOW HITPOINT WARNING * * *
You fail to use your ability.
The wight hits you from afar with a +0 trident.
* * * LOW HITPOINT WARNING * * *
You partially resist.
You feel drained. The wight barely misses you.
Unknown command.
You fail to use your ability.
The wight hits you but does no damage. The wight barely misses you.
Unknown command.
You fail to use your ability.
The wight closely misses you.
The wight hits you with a +4 scimitar of freezing!
You die...

#.............#
#.............##..
##................#
#####.....#.....##.###
#.(..........#####.##.
###..........### #.##.
..?.....z...########.##.
......#z................
.....$#@....######....#.
......##....# #....#.
###### #...## #......
#....# ##....##
#..#.#####.....## .
##..#.##....#...## ..#
###........####...#.
#...###.....#.............
#.........##...........#


You could see 2 wights.

Vanquished Creatures
  Grinder (D:4)
  Sigmund (D:3)
  A black bear (D:6)
  An ogre (D:4)
  A phantom (D:5)
  A necrophage (D:5)
  3 scorpions
  A jelly (D:4)
  2 hounds
  5 orc priests
  6 iguanas
  2 orc wizards
  6 adders
  4 gnolls (D:4)
  4 worms
  2 dart slugs
  20 orcs
  9 endoplasms
  5 giant cockroaches
  10 goblins
  10 hobgoblins
  18 jackals
  6 kobolds
  4 quokkas
  3 ball pythons
  5 bats
  3 frilled lizards
  5 rats
139 creatures vanquished.

Vanquished Creatures (others)
  2 fungi (D:1)
2 creatures vanquished.

Grand Total: 141 creatures vanquished

Notes
Turn   | Place    | Note
-------+----------+-------------------------------------------
     0 | D:1      | Ajdolov the Merfolk Ice Elementalist began the quest for
                  | the Orb.
     0 | D:1      | Reached XP level 1. HP: 13/13 MP: 3/3
   214 | D:1      | Reached XP level 2. HP: 11/19 MP: 1/5
   448 | D:1      | Reached skill level 5 in Ice Magic
   789 | D:1      | Reached XP level 3. HP: 24/24 MP: 0/6
  1854 | D:2      | Reached XP level 4. HP: 30/30 MP: 4/7
  1958 | D:2      | Learned a level 3 spell: Frozen Ramparts
  1962 | D:2      | Learned a level 3 spell: Ozocubu's Armour
  2419 | D:2      | Reached XP level 5. HP: 33/35 MP: 2/8
  3307 | D:3      | Found a snail-covered altar of Cheibriados.
  3325 | D:3      | Became a worshipper of Cheibriados the Contemplative
  3598 | D:3      | Found an iron altar of Okawaru.
  3741 | D:3      | Noticed Sigmund
  3756 | D:3      | Killed Sigmund
  3757 | D:3      | Reached skill level 3 in Unarmed Combat
  3757 | D:3      | Reached XP level 6. HP: 26/44 MP: 1/9
  4030 | D:4      | Found an opulent altar of Gozag.
  4299 | D:4      | Reached * piety under Cheibriados
  4460 | D:4      | Reached XP level 7. HP: 51/51 MP: 6/10
  4716 | D:4      | Identified the +0 helmet of Insurance {Dex+3}
  4757 | D:4      | Reached skill level 4 in Unarmed Combat
  4811 | D:4      | Noticed Grinder
  4853 | D:4      | Killed Grinder
  4854 | D:4      | Reached skill level 5 in Unarmed Combat
  5144 | D:4      | Found a runed translucent door.
  5145 | D:4      | Noticed Crazy Yiuf
  5225 | D:4      | Found Woffoxos's Antique Weapon Emporium.
  5238 | D:4      | Reached XP level 8. HP: 46/60 MP: 5/11
  5741 | D:5      | Entered Level 5 of the Dungeon
  5796 | D:5      | Reached skill level 6 in Unarmed Combat
  6193 | D:5      | Found Yhagamea's Lightly-Used Armoury.
  6195 | D:5      | Identified the +7 long sword of Xerghewum {flame, rN+}
  6252 | D:5      | Found a burning altar of Makhleb.
  6252 | D:5      | Noticed a green death
  6255 | D:5      | Noticed a hellwing
  6255 | D:5      | Noticed a smoke demon
  6361 | D:5      | Found a stormy altar of Qazlal.
  6407 | D:5      | Reached ** piety under Cheibriados
  6901 | D:6      | Reached skill level 7 in Unarmed Combat
  7019 | D:6      | Found a shadowy altar of Dithmenos.
  7066 | D:6      | Reached skill level 5 in Fighting
  7160 | D:6      | Found a runed translucent gate.
  7160 | D:6      | Found a runed translucent gate.
  7160 | D:6      | Found a runed translucent gate.
  7160 | D:6      | Noticed Athor's ghost (novice VSFi)
  7815 | D:6      | Reached skill level 8 in Unarmed Combat
  7918 | D:7      | Found a staircase to the Ecumenical Temple.
  7927 | Temple   | Entered the Ecumenical Temple
  8056 | D:7      | Mangled by a wight

Illustrated notes

Levels and vault maps discovered:
D:1:      minmay_arrival_plants_in_alcoves, layout_rooms
D:2:      layout_loops_ring
D:3:      layout_loops_ring, okawaru_metal_pillars_3, overflow_temple_1_default,
          uniq_sigmund
D:4:      minmay_general_purpose_star, layout_rooms, nicolae_gozag_seed_capital,
          nicolae_stop_n_shop_2, uniq_crazy_yiuf_cottage, uniq_grinder
D:5:      nicolae_BIG_FREAKIN_CUBE, layout_loops_ring,
          makhleb_altar_promises_db, nicolae_qazlal_general_emergency,
          chequers_garden, minmay_shop_damaged
D:6:      layout_gridville, grunt_dithmenos_smoke_and_mirrors,
          ebering_ghost_rock_garden, cheibrodos_sewer_entry_bend
D:7:      layout_rooms, temple_statues, gammafunk_ghost_smash, st_stairs_14
Temple:   jpeg_temple_alley_garden

Skill      XL: |  1  2  3  4  5  6  7  8 |
---------------+-------------------------+-----
Ice Magic      | 5 6 7 |  7.5
Fighting       | 2 3 5 |  5.5
Unarmed Combat | 3 5 8 |  8.0
Dodging        | |  2.6
Stealth        | |  2.1
Spellcasting   | |  2.0

Action                   |  1- 3 |  4- 6 |  7- 9 || total
-------------------------+-------+-------+-------++-------
Melee: Unarmed           |    19 |       |       ||    19
       Dagger            |     8 |     6 |       ||    14
       Trident           |       |    32 |   103 ||   135
       Punch             |       |     1 |     3 ||     4
 Cast: Freeze            |    65 |    24 |     2 ||    91
       Frozen Ramparts   |       |    19 |    25 ||    44
       Ozocubu's Armour  |       |     4 |    10 ||    14
Evoke: Wand              |       |       |     1 ||     1
  Use: Potion            |       |       |     2 ||     2
 Stab: Sleeping          |     2 |     2 |     1 ||     5
Armor: Robe              |    12 |     6 |       ||    18
       Leather armour    |       |    14 |    23 ||    37
Dodge: Dodged            |    40 |    51 |    70 ||   161

Table legend: (Time is in decaauts)
 A = Elapsed time spent in this place.
 B = Non-inter-level travel time spent in this place.
 C = Inter-level travel time spent in this place.
 D = Time resting spent in this place.
 E = Time spent auto-exploring this place.
 F = Levels seen in this place.
 G = Mean time per level.
                   A        B        C        D        E       F      G
               +--------+--------+--------+--------+--------+-----+--------+
         Total |   9185 |   8836 |    349 |   1792 |   5595 |   8 | 1148.1 |
       Dungeon |   9183 |   8834 |    349 |   1792 |   5595 |   7 | 1311.9 |
        Temple |      1 |      1 |      0 |      0 |      0 |   1 |    1.0 |
               +--------+--------+--------+--------+--------+-----+--------+

Top non-repeatable levels by time:
     D:4: 1960 daAuts
     D:1: 1580 daAuts
     D:3: 1438 daAuts
     D:6: 1390 daAuts
     D:2: 1362 daAuts
     D:5: 1223 daAuts
     D:7: 228 daAuts
  Temple: 1 daAuts
